 Dungeon Crawl Stone Soup version 0.18.1-48-g4cf74bf (webtiles) character file.

102 MovingMist the Covered (level 4, 0/42 HPs)
             Began as a Deep Dwarf Fighter on July 27, 2016.
             Slain by a gnoll
             ... wielding a +0 spear
              (3 damage)
             ... on level 3 of the Dungeon.
             The game lasted 00:07:26 (1849 turns).

MovingMist the Covered (Deep Dwarf Fighter)         Turns: 1849, Time: 00:07:27

Health: 0/42       AC:  7    Str: 20    XL:     4   Next: 49%
Magic:  4/4        EV:  8    Int:  8    God:
Gold:   63         SH:  9    Dex: 13    Spells: 0 memorised, 3 levels left

rFire  + . .     SeeInvis .     a - +0 war axe
rCold  x . .     Gourm    .     b - +0 scale mail
rNeg   . . .     Faith    .     c - +0 shield
rPois  .         Spirit   .     (no helmet)
rElec  .         Dismiss  .     (no cloak)
rCorr  .         Reflect  .     (no gloves)
SustAt +         Harm     .     (no boots)
MR     .....                    (no amulet)
Stlth  ..........               j - ring of sustain attributes
                                i - ring of fire

@: non-regenerating, not resistant to hostile enchantments, extremely unstealthy
A: damage resistance, recharge devices, sense surroundings 1, slow regeneration
3
a: Device Recharging


You were on level 3 of the Dungeon.
You were not hungry.

You visited 1 branch of the dungeon, and saw 3 of its levels.

You collected 63 gold pieces.

Inventory:

Hand Weapons
 a - a +0 war axe (weapon)
Armour
 b - a +0 scale mail (worn)
 c - a +0 shield (worn)
Jewellery
 i - a ring of fire (left hand)
 j - a ring of sustain attributes (right hand)
Wands
 e - a wand of heal wounds (5/9)
Scrolls
 h - a scroll of identify
 n - a scroll of remove curse
Potions
 d - 2 potions of might
 g - a potion of curing {unknown}
 l - a potion of flight {unknown}
 m - a potion of lignification {unknown}
Comestibles
 f - 2 bread rations
 k - a meat ration
 o - 6 chunks of flesh


   Skills:
 + Level 3.3 Fighting
 + Level 2.7 Axes
 + Level 4.2 Armour
 + Level 1.4 Dodging
 + Level 3.8 Shields


You had 3 spell levels left.
You didn't know any spells.

Dungeon Overview and Level Annotations

Branches:
Dungeon (3/15)

Altars:
Nemelex Xobeh
Sif Muna
Yredelemnul


Innate Abilities, Weirdness & Mutations

You are resistant to damage.
You can recharge devices by infusing magical energy.
You passively map a small area around you.
You do not regenerate naturally.


Message History

The jackal barely misses you.
You closely miss the jackal. The jackal closely misses you.
The gnoll hits you but does no damage. The jackal barely misses you.
You block the gnoll's attack.
You closely miss the jackal.
The jackal stops to sniff the ground.
You block the jackal's attack.
The jackal bites you but does no damage.
The gnoll completely misses you.
You slash the jackal!
You kill the jackal!
You block the gnoll's attack. The gnoll hits you but does no damage.
Things that are here:
an enchanted flail; a jackal corpse; a gnoll corpse The gnoll hits you but does no damage.
You enter the shallow water.
Moving in this stuff is going to be slow.
The gnoll hits you with a spear.
You die...

#.##{≈..'._...# # *
#.##.≈..#8..#)#### *
#.#######..##(..##
###.#############(##
#,#.................(.
#.#.#.############..## *
###...#)####### #..#
......g........ ......
≈≈....≈@≈≈≈≈≈≈≈ ≈≈≈≈≈≈≈
≈≈....≈≈≈≈≈≈≈≈≈≈≈≈≈≈≈≈≈≈
≈≈....≈≈≈≈≈≈≈≈≈≈≈≈#####≈
.................. ... ≈
##''''######### ,#....
#.... ,,, ,+.... , ≈ * *
* ' * ≈


You could see a gnoll.

Vanquished Creatures
  An adder (D:3)
  2 gnolls
  A worm (D:2)
  2 dart slugs (D:2)
  A giant gecko (D:1)
  4 orcs (D:3)
  A ball python (D:1)
  9 bats
  2 giant cockroaches (D:1)
  8 goblins
  7 hobgoblins
  6 jackals
  2 giant newts
  8 kobolds
  3 rats
  A plant (D:2)
58 creatures vanquished.

Notes
Turn   | Place    | Note
--------------------------------------------------------------
     0 | D:1      | MovingMist the Deep Dwarf Fighter began the quest for the Orb.
     0 | D:1      | Reached XP level 1. HP: 20/20 MP: 1/1
    51 | D:1      | Reached XP level 2. HP: 16/27 MP: 2/2
   247 | D:1      | Reached XP level 3. HP: 19/34 MP: 3/3
   407 | D:1      | Reached skill level 1 in Dodging
   892 | D:2      | Found a sparkling altar of Nemelex Xobeh.
   925 | D:2      | Found a basalt altar of Yredelemnul.
  1017 | D:2      | Reached skill level 4 in Armour
  1437 | D:2      | Reached XP level 4. HP: 35/42 MP: 4/4
  1658 | D:3      | Found a deep blue altar of Sif Muna.
  1849 | D:3      | Slain by a gnoll

Skill      XL: |  1  2  3 |
---------------+----------+-----
Fighting       | 3 |  3.3
Dodging        | 1 |  1.4
Armour         | 4 |  4.2
Axes           | |  2.7
Shields        | |  3.8

Action                   |  1- 3 |  4- 6 || total
-------------------------+-------+-------++-------
Melee: War axe           |   181 |    45 ||   226
  Use: Scroll            |     5 |       ||     5
       Potion            |     1 |       ||     1
  Eat: Chunk             |     2 |     2 ||     4
Armor: Scale mail        |    78 |    27 ||   105
Dodge: Dodged            |    61 |    27 ||    88
Block: Shield            |    95 |    38 ||   133
